 Dungeon Crawl Stone Soup version 0.16-a0-2702-gfff482a (console) character file.

61418 utis the Nimble (level 14, 0/88 HPs)
             Began as a Deep Elf Earth Elementalist on Nov 25, 2014.
             Was the Champion of Vehumet.
             Slain by a polar bear (13 damage)
             ... called by a young spriggan druid
             ... on level 8 of the Lair of Beasts.
             The game lasted 02:33:52 (42441 turns).

utis the Nimble (Deep Elf Earth Elementalist)      Turns: 42441, Time: 02:33:52

Health: 0/88       AC: 15    Str:  9    XL:     14   Next: 60%
Magic:  25/34      EV: 16    Int: 22    God:    Vehumet [******]
Gold:   1812       SH:  0    Dex: 15    Spells: 7 memorised, 9 levels left

rFire  + . .     SeeInvis +     M - 257 stones {=f}
rCold  . . .     Clarity  .     J - +2 ring mail {rF+}
rNeg   . . .     SustAb   .     (no shield)
rPois  +         Gourm    +     v - +1 helmet
rElec  .         Spirit   .     t - +1 cloak
rCorr  .         Warding  .     (no gloves)
rMut   .         Stasis   .     Q - +0 pair of boots
MR     +....                    B - amulet of the gourmand
Stlth  ++........               L - ring of see invisible
                                f - ring of poison resistance {=R}

@: somewhat resistant to hostile enchantments, unstealthy
A: no striking features
a: Renounce Religion


You were on level 8 of the Lair of Beasts.
You worshipped Vehumet.
Vehumet was exalted by your worship.
You were very full.

You visited 3 branches of the dungeon, and saw 20 of its levels.
You also visited: Volcano.

You collected 1812 gold pieces.

Inventory:

Hand weapons
 a - a +5 lajatang of flaming
 c - a +0 blowgun
 k - the +10 hunting sling of Onairch {freeze, rC+ Int+4}
   (You found it on level 2 of the Lair of Beasts)

   It turns projectiles fired from it into bolts of frost.
   It affects your intelligence (+4).
   It protects you from cold.
Missiles
 g - 3 curare-tipped needles {=f}
 j - 31 poisoned needles
 K - 4 needles of slowing
 M - 257 stones (in hand) {=f}
 V - 18 tomahawks (quivered)
 Z - 3 tomahawks of returning
Armour
 t - a +1 cloak (worn)
 v - a +1 helmet (worn)
 J - a +2 ring mail of fire resistance (worn)
 Q - a +0 pair of boots (worn)
Magical staves
 b - an uncursed staff of conjuration {!a}
Jewellery
 f - a ring of poison resistance (left hand) {=R}
 y - an uncursed ring of protection from fire
 B - an amulet of the gourmand (around neck)
 E - an uncursed amulet of warding
 I - an uncursed ring of magical power
 L - a ring of see invisible (right hand)
 P - an uncursed ring of positive energy
 S - an uncursed ring of stealth
Magical devices
 d - a wand of draining (8)
 D - a wand of cold (7)
 T - a wand of disintegration (24)
 X - a wand of lightning (5)
Scrolls
 n - 6 scrolls of teleportation {!r}
 q - a scroll of summoning
 w - a scroll of magic mapping
 G - a scroll of fog
 R - 4 scrolls of remove curse
 Y - a scroll of blinking {!r}
Potions
 e - a potion of haste
 l - 3 potions of restore abilities
 m - 3 potions of brilliance
 o - 3 potions of curing
 s - 4 potions of berserk rage {!q}
 x - a potion of invisibility
 A - 7 potions of might
 C - a potion of resistance
 H - a potion of agility {unknown}
 O - a potion of lignification {unknown}
Miscellaneous
 W - a stone of tremors
Comestibles
 h - 9 bread rations
 i - 5 chunks of flesh
 p - 5 beef jerkies
 u - 17 fruits
 z - a slice of pizza
 F - 8 meat rations
 U - 2 royal jellies


   Skills:
 - Level 10.1 Fighting
   Level 1.9(4.2) Polearms
 - Level 7.8(8.0) Staves
 + Level 10.1 Armour
 + Level 14.3 Dodging
 - Level 2.4 Stealth
 - Level 9.6 Spellcasting
 - Level 7.6 Conjurations
 - Level 6.6 Charms
 - Level 1.1 Transmutations
 - Level 9.6 Earth Magic


You had 9 spell levels left.
You knew the following spells:

 Your Spells              Type           Power        Failure   Level  Hunger
a - Sandblast             Erth           ######       1%          1    None
b - Stone Arrow           Conj/Erth      #####.       1%          3    None
o - Stoneskin             Trmt/Erth      ####....     1%          2    None
q - Lee's Rapid Deconstr  Erth           ######....   1%          5    ####...
X - Iskenderun's Battles  Conj/Chrm      #####...     4%          5    ####...
Y - Petrify               Trmt/Erth      ####....     12%         4    ##.....
Z - Passwall              Trmt/Erth      ####......   3%          3    None


Dungeon Overview and Level Annotations

Branches:
Dungeon (11/15)            Temple (1/1) D:5            Lair (8/8) D:11
  Swamp (0/5) Lair:3       Spider (0/5) Lair:3        Slime (0/6) Lair:6
    Orc (0/4) D:9

Altars:
Ashenzari
Cheibriados
Dithmenos
Elyvilon
Fedhas
Gozag
Kikubaaqudgha
Makhleb
Nemelex Xobeh
Okawaru
Qazlal
Ru
Sif Muna
Trog
Vehumet
Xom
Yredelemnul
Zin
The Shining One
Jiyva

Shops:
D:10 *

Annotations:
Lair:6 runed door


Message History

Casting: Sandblast
Confirm with . or Enter, or press ? or * to list all spells.
Aiming: Sandblast
Press: ? - help, Shift-Dir - straight line, f/p - polar bear
Aim: a polar bear (consumed by blood-lust)
The rocky blast hits the polar bear.
The polar bear is lightly wounded.
The polar bear bites you!!
* * * LOW HITPOINT WARNING * * *
The polar bear closely misses you. The polar bear misses you.
Casting: Sandblast
Confirm with . or Enter, or press ? or * to list all spells.
Aiming: Sandblast
Press: ? - help, Shift-Dir - straight line, f/p - polar bear
Aim: a polar bear (lightly wounded, consumed by blood-lust)
The rocky blast hits the polar bear.
The polar bear is lightly wounded.
Your skin feels tender.
The polar bear bites you!
You die...

..♣ ♣i♣♣ ♣..♣♣♣..♣♣ ♣♣♣.......s♣
♣♣♣♣♣....♣...... ♣♣♣♣♣....♣♣♣♣♣
♣.. ♣ ♣♣♣.§.....♣♣ . ♣
♣♣...⚵..)†♣♣ ♣♣. ♣♣
♣♣..▓.⚵..e)Y♣♣ ♣..
.♣♣♣♣♣♣♣..▓▓..⚵h....♣♣♣♣ ♣♣..
.........⚶.............♣♣♣♣♣♣♣...
...................▓.⚶......♣♣..♣
.▓................▓▓.⚶⚶..▓......⚶
▓.▓................⚶.▓⚶⚶.⚶⚵......
.................................
▓▓▓▓▓..............▓..▓..........
▓......⚶..........▓....▓.▓▓▓.


You could see an elephant and a polar bear (frenzied).

Vanquished Creatures
  3 hydras
  Erica (Lair:8)
  A centaur warrior (D:10)
  6 death yaks
  Erolcha (D:8)
  A hill giant (D:11)
  An oklob plant (Lair:2)
  An ugly thing (D:11)
  A griffon (Lair:6)
  A wolf spider (Lair:3)
  2 sphinx skeletons (Volcano)
  7 elephants
  10 black mambas
  6 spiny frogs
  5 komodo dragons
  6 fire drakes
  A guardian mummy (Volcano)
  A spriggan druid (Lair:8)
  A troll (D:11)
  2 jumping spiders (Lair:3)
  9 polar bears
  A trapdoor spider zombie (D:11)
  18 blink frogs
  A minotaur skeleton (Volcano)
  A two-headed ogre (D:9)
  4 boulder beetles
  4 basilisks
  2 redbacks (Lair:8)
  2 shadows (Volcano)
  A spriggan (Lair:8)
  2 flying skulls (Volcano)
  80 yaks
  A vampire (Volcano)
  A wraith (D:10)
  Eustachio (D:8)
  2 deep elf magi (D:11)
  Grum (D:9)
  27 wolves
  A hill giant skeleton (Volcano)
  The ghost of gabygaby the Grave Robber, an average HuNe (D:4)
  9 hippogriffs
  A hungry ghost (D:11)
  17 porcupines
  A merfolk skeleton (Volcano)
  20 water moccasins
  5 black bears
  2 spiders (Lair:3)
  4 sky beasts
  2 eyes of draining
  6 ice beasts
  A yellow wasp (D:6)
  3 phantoms
  6 orc warriors
  2 ogres
  A manticore skeleton (Volcano)
  5 boring beetles
  5 centaurs
  21 giant frogs
  9 crocodiles
  A big kobold (D:7)
  4 scorpions
  11 wights
  2 troll skeletons (Volcano)
  7 electric eels
  5 jellies (D:6)
  3 goliath beetles
  A centaur zombie (D:6)
  6 crimson imps
  10 hounds
  2 giant frog zombies
  A yellow wasp zombie (D:7)
  13 orc priests
  4 giant frog skeletons
  11 iguanas
  Natasha (twice) (D:3)
  9 orc wizards
  14 worker ants
  15 sheep
  Ijyb (D:3)
  2 hound zombies
  A naga skeleton (Volcano)
  3 ogre skeletons (Volcano)
  3 giant frog simulacra (D:8)
  2 hound skeletons
  Terence (D:2)
  3 worker ant zombies
  4 mummies (Volcano)
  22 gnolls
  29 adders
  2 shadow imps
  2 giant mites
  77 river rats
  3 white imps (D:8)
  A worker ant simulacrum (D:8)
  3 worms
  An adder skeleton (D:5)
  6 giant geckos
  61 orcs
  20 bats
  15 goblins
  21 hobgoblins
  7 jackals
  22 kobolds
  2 oozes (D:6)
  18 quokkas
  2 ball pythons
  9 giant cockroaches
  A giant gecko skeleton (D:6)
  2 giant newts
  A giant spore (D:9)
  20 rats
  4 ballistomycetes (D:9)
  A plant (Lair:1)
831 creatures vanquished.

Vanquished Creatures (others)
  A bat (D:9)
  2 giant spores
  A ballistomycete (D:7)
  10 fungi
  2 plants
16 creatures vanquished.

Grand Total: 847 creatures vanquished

Notes
Turn   | Place    | Note
--------------------------------------------------------------
     0 | D:1      | utis, the Deep Elf Earth Elementalist, began the quest for the Orb.
     0 | D:1      | Reached XP level 1. HP: 10/10 MP: 5/5
   409 | D:1      | Reached skill level 4 in Earth Magic
   409 | D:1      | Reached XP level 2. HP: 13/15 MP: 6/8
  1320 | D:2      | Reached XP level 3. HP: 19/19 MP: 8/10
  1575 | D:2      | Learned a level 2 spell: Stoneskin
  1579 | D:2      | Learned a level 3 spell: Stone Arrow
  1735 | D:2      | Reached skill level 5 in Earth Magic
  1828 | D:2      | Reached skill level 1 in Conjurations
  1874 | D:2      | Noticed Terence
  2096 | D:2      | Reached XP level 4. HP: 24/24 MP: 9/13
  3505 | D:2      | Killed Terence
  3505 | D:2      | Reached XP level 5. HP: 28/28 MP: 0/16
  3732 | D:2      | Learned a level 3 spell: Passwall
  4264 | D:3      | Found a stormy altar of Qazlal.
  4267 | D:3      | Found a blossoming altar of Fedhas.
  4489 | D:3      | Found an iron altar of Okawaru.
  4582 | D:3      | Noticed an ogre
  4679 | D:3      | Reached skill level 5 in Conjurations
  4878 | D:3      | Noticed Natasha
  4883 | D:3      | Killed Natasha
  4883 | D:3      | Reached XP level 6. HP: 22/32 MP: 14/18
  5052 | D:3      | Noticed Ijyb
  5066 | D:3      | Killed Ijyb
  5403 | D:3      | Noticed Natasha
  5406 | D:3      | Killed Natasha
  5412 | D:3      | Killed an ogre
  5485 | D:3      | Learned a level 4 spell: Petrify
  5527 | D:4      | Noticed gabygaby's ghost (average HuNe)
  5540 | D:4      | Killed gabygaby's ghost
  5540 | D:4      | Reached skill level 5 in Spellcasting
  5680 | D:4      | Reached XP level 7. HP: 31/36 MP: 17/22
  6027 | D:4      | Reached skill level 1 in Armour
  6187 | D:5      | Entered Level 5 of the Dungeon
  6256 | D:5      | Found a staircase to the Ecumenical Temple.
  6287 | Temple   | Entered the Ecumenical Temple
  6373 | Temple   | Became a worshipper of Vehumet
  6835 | D:5      | Reached skill level 5 in Dodging
  6894 | D:5      | Found a shattered altar of Ashenzari.
  7517 | D:5      | Reached skill level 6 in Dodging
  7517 | D:5      | Reached XP level 8. HP: 37/41 MP: 17/24
  7858 | D:5      | Acquired Vehumet's first power
  7858 | D:5      | Offered knowledge of Magic Dart by Vehumet.
  8220 | D:6      | Reached skill level 7 in Dodging
  8547 | D:6      | Reached skill level 8 in Dodging
  8772 | D:6      | Reached skill level 5 in Armour
  9219 | D:6      | Reached XP level 9. HP: 43/45 MP: 16/25
  9343 | D:6      | Offered knowledge of Searing Ray by Vehumet.
  9431 | D:6      | Reached skill level 9 in Dodging
  9895 | D:6      | Reached skill level 1 in Fighting
 10006 | D:6      | Found a white marble altar of Elyvilon.
 10016 | D:6      | Found a sacrificial altar of Ru.
 10211 | D:6      | Found a shimmering altar of Xom.
 10839 | D:6      | Reached skill level 5 in Fighting
 11198 | D:7      | Found a shadowy altar of Dithmenos.
 11277 | D:7      | Found a snail-covered altar of Cheibriados.
 11613 | D:7      | Offered knowledge of Inner Flame by Vehumet.
 11982 | D:7      | Reached XP level 10. HP: 60/60 MP: 0/28
 12166 | D:7      | Learned a level 5 spell: Lee's Rapid Deconstruction
 13319 | D:8      | Acquired Vehumet's second power
 14068 | D:8      | Found a sparkling altar of Nemelex Xobeh.
 14178 | D:8      | Offered knowledge of Throw Icicle by Vehumet.
 14293 | D:8      | Noticed Eustachio
 14313 | D:8      | Killed Eustachio
 15167 | D:8      | Noticed Erolcha
 15361 | D:8      | Found a burning altar of Makhleb.
 15368 | D:8      | Found a glowing silver altar of Zin.
 15368 | D:8      | Noticed an angel
 15369 | D:8      | Noticed a green death
 15827 | D:8      | Paralysed by Erolcha for 3 turns
 15833 | D:8      | Killed Erolcha
 15833 | D:8      | Acquired Vehumet's third power
 16187 | D:9      | Noticed Grum
 16196 | D:8      | Offered knowledge of Force Lance by Vehumet.
 17288 | D:9      | Reached XP level 11. HP: 41/64 MP: 22/29
 17437 | D:9      | Found a staircase to the Orcish Mines.
 17892 | D:9      | Killed Grum
 17920 | D:9      | Found a shattered altar of Ashenzari.
 18678 | D:10     | Entered Level 10 of the Dungeon
 18798 | D:10     | Offered knowledge of Fireball by Vehumet.
 19399 | D:10     | Noticed a centaur warrior
 19872 | D:10     | Killed a centaur warrior
 19872 | D:10     | Reached skill level 10 in Dodging
 20152 | D:10     | Found Throism's General Store.
 21278 | D:11     | Found a staircase to the Lair.
 21315 | D:11     | Reached skill level 11 in Dodging
 21997 | D:11     | Noticed a hill giant
 22004 | D:11     | Killed a hill giant
 22358 | Lair:1   | Entered Level 1 of the Lair of Beasts
 22364 | Lair:1   | Found a dark tunnel.
 22384 | Volcano  | Entered a volcano
 22946 | Volcano  | Reached XP level 12. HP: 72/72 MP: 22/32
 23581 | Lair:1   | Offered knowledge of Iskenderun's Battlesphere by Vehumet.
 23768 | Lair:1   | Learned a level 5 spell: Iskenderun's Battlesphere
 23954 | Lair:1   | Reached skill level 1 in Charms
 25634 | Lair:1   | Paralysed by a crimson imp for 6 turns
 25646 | Lair:1   | Reached skill level 5 in Charms
 26316 | Lair:2   | Got an ichor-stained hunting sling
 26317 | Lair:2   | Identified the +10 hunting sling of Onairch {freeze, rC+ Int+4} (You found it on level 2 of the Lair of Beasts)
 26724 | Lair:2   | Found a white marble altar of Elyvilon.
 29398 | Lair:3   | Reached skill level 10 in Fighting
 30165 | Lair:3   | Noticed a six-headed hydra
 30174 | Lair:3   | Killed a six-headed hydra
 30267 | Lair:3   | Found a staircase to the Swamp.
 30343 | Lair:3   | Reached XP level 13. HP: 82/82 MP: 19/33
 30756 | Lair:3   | Found a hole to the Spider Nest.
 30817 | Lair:3   | Got a shimmering helmet
 30829 | Lair:3   | Identified the +1 helmet of the Earth {Str+2 Dex-2 SInv} (You found it on level 3 of the Lair of Beasts)
 32279 | Lair:3   | Offered knowledge of Bolt of Fire by Vehumet.
 32772 | Lair:4   | Reached skill level 12 in Dodging
 33860 | Lair:5   | Reached skill level 1 in Polearms
 34230 | Lair:5   | stupid
 34299 | Lair:5   | Reached skill level 1 in Staves
 35211 | Lair:5   | Reached skill level 5 in Staves
 36642 | Lair:6   | Found a runed door.
 36643 | Lair:6   | Found a viscous altar of Jiyva.
 36646 | Lair:6   | Found a staircase to the Slime Pits.
 37354 | Lair:6   | Offered knowledge of Ozocubu's Refrigeration by Vehumet.
 37699 | Lair:6   | Found a runed door.
 37699 | Lair:6   | Found a viscous altar of Jiyva.
 37700 | Lair:6   | Found a staircase to the Slime Pits.
 37719 | Lair:5   | Reached XP level 14. HP: 72/88 MP: 33/34
 38648 | Lair:7   | Reached skill level 13 in Dodging
 40963 | Lair:8   | Entered Level 8 of the Lair of Beasts
 41691 | Lair:8   | Reached skill level 14 in Dodging
 42000 | Lair:8   | Noticed Erica
 42028 | Lair:8   | Offered knowledge of Bolt of Cold by Vehumet.
 42028 | Lair:8   | Reached skill level 10 in Armour
 42055 | Lair:8   | Killed Erica
 42441 | Lair:8   | Slain by a polar bear

Action                   |  1- 3 |  4- 6 |  7- 9 | 10-12 | 13-15 || total
-------------------------+-------+-------+-------+-------+-------++-------
Melee: Whip              |    14 |     1 |       |       |       ||    15
       Unarmed           |     5 |       |       |       |       ||     5
       Halberd           |       |    66 |   151 |   350 |    92 ||   659
       Lajatang          |       |       |       |       |   276 ||   276
 Fire: Hunting sling     |       |       |    28 |       |       ||    28
       Blowgun           |       |       |     2 |    24 |    24 ||    50
Throw: Stone             |     2 |       |       |       |       ||     2
       Tomahawk          |       |       |    10 |    43 |    12 ||    65
 Cast: Sandblast         |    64 |    76 |   115 |   129 |   200 ||   584
       Stone Arrow       |     3 |     8 |    83 |   403 |   196 ||   693
       Stoneskin         |       |       |       |    13 |    66 ||    79
       Lee's Rapid Decon |       |       |       |     6 |       ||     6
       Iskenderun's Batt |       |       |       |    43 |   103 ||   146
  Use: Scroll            |     3 |     6 |     2 |    21 |     7 ||    39
       Potion            |       |       |     1 |     3 |       ||     4
 Stab: Sleeping          |       |     1 |     2 |     3 |     3 ||     9
       Distracted        |       |       |       |     1 |       ||     1
  Eat: Chunk             |     3 |    13 |    19 |    74 |    66 ||   175
       Fruit             |       |       |     4 |     1 |       ||     5
       Meat ration       |       |       |       |     1 |       ||     1
